 Dungeon Crawl Stone Soup version 0.32-a0 (webtiles) character file.

Game seed: 6198697630282576996

141732 Morbidden the Thaumaturge (level 17, -9/113 HPs)
             Began as an Octopode Conjurer on Jan 12, 2024.
             Was the Champion of Cheibriados.
             Mangled by a ghost moth (13 damage)
             ... on level 2 of the Spider Nest on Jan 13, 2024.
             The game lasted 01:10:22 (37479 turns).

Morbidden the Thaumaturge (Octopode Conjurer)      Turns: 37479, Time: 01:10:22

Health: -9/113     AC:  1    Str: 24 (27) XL:     17   Next: 33%
Magic:  0/70       EV: 20    Int: 46 (48) God:    Cheibriados [******]
Gold:   1462       SH: 10    Dex: 23 (24) Spells: 14/43 levels left

rFire   . . .        b - +9 sword of Zonguldrok {reap}
rCold   . . .        G - +3 buckler of Impressiveness {Regen+ Dex-3 Stlth+}
rNeg    . . .        (helmet currently unavailable)
rPois   +            X - amulet "Zofoc" {RegenMP Harm rPois Will-}
rElec   .            f - ring of poison resistance
rCorr   .            L - ring of magical power
SInv    .            B - ring of wizardry
Will    .....        n - +6 ring of intelligence
Stlth   ++++++       P - ring of magical power
HPRegen 1.18/turn    Q - +6 ring of strength
MPRegen 0.82/turn    y - ring of magical power
                     Y - ring of magical power

%: harm (+30% outgoing, +20% incoming), wizardry (x1)
@: beast-form, very slow
A: beast (slay +4), almost no armour, amphibious, 8 rings, camouflage 1,
gelatinous body 1, (nimble swimmer 1), tentacles, tentacle spike 1, inability to
drink after injury 1
a: Begin Untransformation, Renounce Religion, Bend Time, Temporal Distortion,
Slouch, Step From Time


You were on level 2 of the Spider Nest.
You worshipped Cheibriados.
Cheibriados was exalted by your worship.
You were a hulking beast.
You visited 5 branches of the dungeon, and saw 25 of its levels.
You also visited: Bailey, Gauntlet and Volcano.

You collected 2823 gold pieces.
You spent 1361 gold pieces at shops.

Inventory:

Hand Weapons
 a - the +9 scimitar "Eryr" {freeze, Will++}
   (You bought it in a shop on level 11 of the Dungeon)

   Will++:    It greatly increases your willpower.
 b - the +9 sword of Zonguldrok (weapon) {reap}
   (You found it in a Gauntlet)
Missiles
 r - 3 throwing nets
 E - 4 curare-tipped darts (quivered)
 Z - 6 silver javelins
Armour
 G - the +3 buckler of Impressiveness (worn) {Regen+ Dex-3 Stlth+}
   (You acquired it in a bailey)

   Dex-3:     It affects your dexterity (-3).
   Regen+:    It increases your rate of health regeneration.
   Stlth+:    It makes you more stealthy.
Jewellery
 f - a ring of poison resistance (left tentacle)
 n - a +6 ring of intelligence (on tentacle)
 t - an amulet of regeneration
 y - a ring of magical power (on tentacle)
 B - a ring of wizardry (on tentacle)
 F - a ring of resist corrosion
 I - a ring of fire
 J - a ring of ice
 L - a ring of magical power (right tentacle)
 O - a ring of protection from cold
 P - a ring of magical power (on tentacle)
 Q - a +6 ring of strength (on tentacle)
 W - a ring of fire
 X - the amulet "Zofoc" (around mantle) {RegenMP Harm rPois Will-}
   (You found it in a Gauntlet)

   [amulet of magic regeneration]

   RegenMP:   It increases your rate of magic regeneration.
   rPois:     It protects you from poison Will-: It decreases your willpower.
   Harm:      It increases damage dealt and taken.
 Y - a ring of magical power (on tentacle)
Talismans
 h - a beast talisman (active)
 S - the serpent talisman of the World {Stlth+}
   (You found it on level 3 of the Lair of Beasts)

   [serpent talisman]

   Stlth+:    It makes you more stealthy.
Wands
 e - a wand of light (6)
 j - a wand of digging (9)
 x - a wand of paralysis (28)
 D - a wand of mindburst (19)
 H - a wand of flame (21)
Scrolls
 c - 2 scrolls of vulnerability
 g - 5 scrolls of teleportation
 i - 2 scrolls of silence
 l - 4 scrolls of enchant weapon
 p - 6 scrolls of enchant armour
 q - 5 scrolls of amnesia
 A - a scroll of poison
 C - 2 scrolls of butterflies
 K - 7 scrolls of immolation
 M - 4 scrolls of noise
 R - 5 scrolls of fog
 U - 2 scrolls of blinking
 V - 6 scrolls of identify
Potions
 d - 4 potions of might
 k - 4 potions of resistance
 m - 4 potions of brilliance
 o - 2 potions of enlightenment
 s - a potion of heal wounds
 u - 9 potions of curing
 v - 3 potions of invisibility
 w - 3 potions of mutation
 T - 2 potions of ambrosia
Miscellaneous
 z - a box of beasts
 N - a phantom mirror


   Skills:
 * Level 9.3 Fighting
 + Level 4.4(5.0) Short Blades
 + Level 3.4(4.5) Long Blades
 * Level 9.5 Dodging
 - Level 6.6 Stealth
 * Level 5.6 Shields
 * Level 5.9 Unarmed Combat
 * Level 13.7 Spellcasting
 + Level 10.0 Conjurations
 + Level 6.6 Translocations
 * Level 6.1 Fire Magic
 * Level 1.3 Ice Magic
 * Level 12.4 Air Magic
 + Level 1.8 Earth Magic
 * Level 2.1 Alchemy
 * Level 9.7 Invocations
 + Level 1.0 Evocations
 * Level 8.2 Shapeshifting


You had 14 spell levels left.
You knew the following spells:

 Your Spells              Type           Power      Damage    Failure   Level
a - Airstrike             Air            49%        2d(7-23)  1%          4
b - Bombard               Conj/Erth      36%        9d6       5%          6
c - Sculpt Simulacrum     Ice/Alch       23%        N/A       28%         6
d - Magic Dart            Conj           100%       1d8       0%          1
e - Searing Ray           Conj           100%       2d8       0%          2
x - Plasma Beam           Fire/Air       43%        2x1d57    1%          6
z - Iskenderun's Mystic   Conj/Tloc      83%        2d16      1%          4

Your spell library contained the following spells:

 Spells                   Type           Power      Damage    Failure   Level
 Shock                    Conj/Air       100%       1d9       0%          1
 Swiftness                Air            98%        N/A       0%          3
 Foxfire                  Conj/Fire      100%       2x1d9     1%          1
 Sandblast                Erth           96%        2d20      1%          1
 Blink                    Tloc           100%       N/A       1%          2
 Call Imp                 Summ           62%        N/A       1%          2
 Lesser Beckoning         Tloc           100%       N/A       1%          2
 Mercury Vapours          Alch/Air       100%       N/A       1%          2
 Momentum Strike          Conj/Tloc      100%       3d10      1%          2
 Dazzling Flash           Conj/Hex       100%       N/A       1%          3
 Gell's Gravitas          Tloc           75%        N/A       1%          3
 Hailstorm                Conj/Ice       71%        3d12      1%          3
 Mephitic Cloud           Conj/Alch/Air  82%        N/A       1%          3
 Passwall                 Erth           48%        N/A       1%          3
 Stone Arrow              Conj/Erth      100%       3d13      1%          3
 Summon Ice Beast         Ice/Summ       37%        N/A       1%          3
 Teleport Other           Tloc           75%        N/A       1%          3
 Volatile Blastmotes      Fire/Tloc      100%       2d18      1%          3
 Brom's Barrelling Bould  Conj/Erth      72%        2d9       1%          4
 Fulminant Prism          Conj/Alch      36%        3d17      1%          4
 Leda's Liquefaction      Alch/Erth      24%        N/A       1%          4
 Passage of Golubria      Tloc           75%        N/A       1%          4
 Freezing Cloud           Conj/Ice/Air   40%        6-21      1%          5
 Silence                  Hex/Air        36%        N/A       1%          5
 Starburst                Conj/Fire      41%        6d12      2%          6
 Lee's Rapid Deconstruct  Erth           24%        3d13*     4%          5
 Maxwell's Capacitive Co  Air            49%        ∞         16%         8
 Lehudib's Crystal Spear  Conj/Erth      36%        10d9      89%         8


Dungeon Overview and Level Annotations

Branches:
Dungeon (15/15)            Temple (1/1) D:4            Lair (5/5) D:11
 Shoals (0/4) Lair:2       Spider (2/4) Lair:3        Slime (0/5) Lair:5
    Orc (2/2) D:11            Elf (0/3) Orc:2        Vaults (0/5) D:13
 Depths (0/4) D:15         Bailey (visited)         Volcano (visited)
Gauntlet (visited)

Altars:
Ashenzari
Cheibriados
Dithmenos
Elyvilon
Fedhas
Gozag
Hepliaklqana
Kikubaaqudgha
Makhleb
Nemelex Xobeh
Okawaru
Qazlal
Ru
Sif Muna
Trog
Uskayaw
Vehumet
Wu Jian
Xom
Yredelemnul
Zin
The Shining One

Shops:
D:10 =   D:11 (   Orc:1 *   Orc:2 :=(?

Portals:
Hell: Lair:5
Abyss: Lair:2
Trove: D:12 (give 14 potions of curing)

Annotations:
D:8 Jeremiah
Lair:2 2 transporters, Yqisha's ghost, journeyman DrSh
Orc:1 2 transporters, Loily's ghost, journeyman GrFi


Innate Abilities, Weirdness & Mutations

You are a hulking beast.
Your limbs bulge with bestial killing power. (Slay +4)
You cannot wear most types of armour.
You are amphibious.
You can wear up to eight rings at the same time.
Your skin changes colour to match your surroundings (Stealth+).
Your rubbery body absorbs attacks. (AC +1, EV +1)
((You are camouflaged when in or above water. (Stealth+)))
You have tentacles for arms and can constrict up to eight enemies at once.
One of your tentacles bears a spike.
You occasionally lose the ability to drink potions when taking damage.


Message History

You can feel time thicken for a moment.
You feel you are being watched by something.
You feel your power leaking away. Something hits you!!
You feel dopey. Something barely misses you. Something misses you.
You feel you are being watched by something.
You feel your power leaking away. Something hits you.
You block something's attack. Something stings you!
You feel weakened.
Unknown command.
Unknown command.
Activating: Slouch (1% risk of failure)
Press: ? - help, Dir - look around, f - activate You can feel time thicken for a moment.
Something hits you. Something completely misses you. Something stings you.
Unknown command.
Unknown command.
Unknown command.
Unknown command.
You feel you are being watched by something.
You feel your power leaking away. Something barely misses you. x3
Unknown command.
Unknown command.
You miss something.
Your tentacle spike misses something.
Your squeeze misses something.
You feel you are being watched by something.
You feel your power leaking away. Something barely misses you.
Something hits you!
* * * LOW HITPOINT WARNING * * *
You feel weakened. Something stings you!
* * * LOW HITPOINT WARNING * * *
You feel you are being watched by something.
Something hits you!
* * * LOW HITPOINT WARNING * * *
You feel weakened. Something hits you!
You die...

.........†# .... #....###.#
...................##...#.##.#
..........##.......#.........#
.^........# #.....#.†........####
..........# .........<..........
.......... #...................
##........ ##....^...........#..
.##.......###.^.........##....##.
.# .#...........h....... #######.
.....#........<##....#.. ##.
......^.......####.....########..
.....##...............)....#..>##
#....##.##........^............#
#.##....##.##.....####....#.##.#
..##........#.^##.# #.##.####.#
...............##.####..#.# ###
...................#.#....####..#


There were no monsters in sight!

Vanquished Creatures
  Nikola (Spider:1)
  An emperor scorpion (Spider:2)
  An orc warlord (Orc:1)
  A spark wasp (Spider:1)
  A minotaur (Gauntlet)
  A dire elephant (Lair:5)
  An ettin (D:15)
  Josephine (Lair:3)
  2 entropy weavers
  Fannar (D:11)
  A rakshasa (D:14)
  2 jorogumos
  2 catoblepae
  9 two-headed ogres
  6 hydras
  5 centaur warriors
  An ogre mage (Volcano)
  5 death yaks
  5 boulder beetles
  A tengu warrior (D:15)
  3 orc high priests (Orc:2)
  Urug (D:11)
  A sun demon (Lair:5)
  Sonja (D:11)
  A hell knight (Volcano)
  11 skeletal warriors
  6 pharaoh ants
  A skyshark (Lair:5)
  A deep troll (D:15)
  A death drake (Gauntlet)
  3 orb spiders
  2 arcanists
  2 necromancers (D:15)
  2 steelbarb worms
  A wolf spider zombie (Gauntlet)
  2 deep elf pyromancers
  5 orc sorcerers
  8 orc knights
  6 cyclopes
  13 wolf spiders
  18 ugly things
  2 spectral centaurs (Gauntlet)
  4 elephants
  6 meliai (Spider:2)
  A merfolk siren (Lair:2)
  A centaur zombie (Gauntlet)
  2 torpor snails
  A molten gargoyle (Volcano)
  6 black mambas
  4 kobold blastminers (Orc:2)
  A smoke demon (Lair:5)
  2 orange demons (Lair:5)
  A gargoyle (D:13)
  10 cane toads
  7 rime drakes
  4 centaur skeletons (D:13)
  2 unseen horrors
  4 yaktaurs
  10 komodo dragons
  3 ice devils (Lair:5)
  A freezing wraith (D:14)
  A hornet (D:10)
  3 trolls
  A red devil (Lair:5)
  A hornet (shapeshifter) (D:13)
  A tyrant leech (Gauntlet)
  4 polar bears
  20 tarantellas
  A dream sheep (Lair:5)
  A glass eye (Lair:5)
  25 blink frogs
  A raiju (shapeshifter) (D:13)
  16 slime creatures
  10 jumping spiders
  4 shadows (Gauntlet)
  4 wyverns
  12 wraiths
  10 culicivoras
  5 fire bats (Volcano)
  Grum (D:11)
  28 redbacks
  3 wargs
  74 yaks
  7 basilisks
  4 steam dragons
  8 vampire mosquitoes
  4 swamp worms (Gauntlet)
  2 acid dragons (D:12)
  3 hell hounds (Lair:5)
  18 water moccasins
  22 orc warriors
  5 black bears
  5 ogres
  10 centaurs
  A phantom (D:5)
  A boggart (D:13)
  7 wolves
  A centaur (shapeshifter) (D:14)
  A gnoll sergeant (D:9)
  6 kobold brigands
  18 bullfrogs
  2 scorpions
  4 wights (D:5)
  16 killer bees
  A bombardier beetle (D:5)
  3 electric eels
  A howler monkey (D:12)
  4 lava snakes (Volcano)
  A hound (D:5)
  2 jellies (D:7)
  16 orc priests
  A gnoll bouda (D:4)
  Terence (D:3)
  6 iguanas
  26 orc wizards
  A scorpion zombie (D:3)
  6 hell rats (Lair:5)
  A hound zombie (D:3)
  17 gnolls
  2 adders (D:4)
  2 white imps
  4 ufetubi (D:5)
  6 dart slugs
  69 orcs
  2 endoplasms
  4 giant cockroaches
  4 goblins (D:4)
  4 hobgoblins
  17 kobolds
  3 quokkas
  5 ball pythons
  4 bats
  6 frilled lizards
  4 rats
803 creatures vanquished.

Vanquished Creatures (collateral kills)
  3 ugly things (D:14)
  An eye of devastation (Lair:5)
  A tarantella (Spider:2)
  2 centaurs (D:14)
  A hell rat (Lair:5)
8 creatures vanquished.

Vanquished Creatures (others)
  A sun moth (Spider:1)
  2 ugly thing zombies (D:14)
  2 tarantellas (Spider:1)
  A warg (shapeshifter) (Spider:1)
  A redback (Spider:1)
  2 orc zombies (Orc:2)
  A yaktaur zombie (D:13)
  A cyclops zombie (D:14)
  4 centaur zombies (D:14)
15 creatures vanquished.

Grand Total: 826 creatures vanquished

Notes
Turn   | Place    | Note
-------+----------+-------------------------------------------
     0 | D:1      | Morbidden the Octopode Conjurer began the quest for the
                  | Orb.
     0 | D:1      | Reached XP level 1. HP: 11/11 MP: 3/3
   266 | D:1      | Reached XP level 2. HP: 17/17 MP: 3/5
   625 | D:1      | Reached XP level 3. HP: 22/22 MP: 1/6
   628 | D:1      | Learned a level 2 spell: Searing Ray
  1468 | D:2      | Identified the amulet "Ziyfiv" {Spirit Int+3}
  1694 | D:2      | Found a faded altar of an unknown god.
  1952 | D:3      | Noticed Terence
  2024 | D:2      | HP: 1/22 [orc/+0 short sword (3)]
  2027 | D:2      | Reached skill level 5 in Conjurations
  2263 | D:3      | Killed Terence
  2264 | D:3      | Reached XP level 4. HP: 27/27 MP: 0/7
  2914 | D:3      | Reached XP level 5. HP: 32/32 MP: 4/9
  2919 | D:3      | Learned a level 4 spell: Iskenderun's Mystic Blast
  3008 | D:3      | Reached skill level 1 in Fighting
  3297 | D:3      | Found a basalt altar of Yredelemnul.
  3442 | D:4      | Reached skill level 1 in Unarmed Combat
  3442 | D:4      | Reached skill level 3 in Spellcasting
  3951 | D:4      | Reached skill level 1 in Shapeshifting
  3951 | D:4      | Reached XP level 6. HP: 32/38 MP: 1/10
  4113 | D:4      | Found a staircase to the Ecumenical Temple.
  4343 | Temple   | Entered the Ecumenical Temple
  4360 | Temple   | Became a worshipper of Cheibriados the Contemplative
  4538 | D:4      | Reached skill level 1 in Translocations
  4966 | D:4      | Found a hide-covered altar of Uskayaw.
  5108 | D:4      | Reached * piety under Cheibriados
  5114 | D:4      | Reached XP level 7. HP: 44/44 MP: 6/12
  5263 | D:4      | Found an ancient bone altar of Kikubaaqudgha.
  5263 | D:4      | Noticed a human
  5413 | D:5      | Entered Level 5 of the Dungeon
  5721 | D:5      | Found a sparkling altar of Nemelex Xobeh.
  5820 | D:5      | Reached skill level 4 in Spellcasting
  5820 | D:5      | Reached skill level 1 in Invocations
  5904 | D:5      | Noticed a steam dragon
  5956 | D:5      | Found a glowing golden altar of the Shining One.
  5975 | D:5      | Found a stormy altar of Qazlal.
  5976 | D:5      | Noticed a fire elemental
  5976 | D:5      | Noticed an air elemental
  5976 | D:5      | Noticed a water elemental
  5993 | D:5      | Killed a steam dragon
  5994 | D:5      | Reached skill level 1 in Short Blades
  5994 | D:5      | Reached XP level 8. HP: 14/50 MP: 4/14
  6377 | D:5      | Reached ** piety under Cheibriados
  6769 | D:6      | You fall into a shaft and drop 2 floors!
  6903 | D:7      | Learned a level 4 spell: Airstrike
  7129 | D:6      | Noticed a wraith
  7137 | D:6      | Killed a wraith
  7352 | D:6      | Reached skill level 5 in Spellcasting
  7352 | D:6      | Reached XP level 9. HP: 55/56 MP: 9/16
  7610 | D:6      | Reached skill level 1 in Air Magic
  8090 | D:7      | Reached *** piety under Cheibriados
  8814 | D:7      | Found a blossoming altar of Fedhas.
  9629 | D:8      | Noticed Jeremiah
  9809 | D:8      | Reached **** piety under Cheibriados
 10350 | D:9      | Reached XP level 10. HP: 50/63 MP: 4/18
 10397 | D:9      | Reached skill level 6 in Spellcasting
 10725 | D:9      | Found a bloodstained altar of Trog.
 10780 | D:9      | Reached skill level 5 in Stealth
 10808 | D:9      | Identified the +0 long sword "Rici" {freeze, Will+}
 11265 | D:10     | Entered Level 10 of the Dungeon
 11271 | D:10     | Found a flagged portal.
 11287 | D:10     | Reached skill level 1 in Shields
 11399 | Bailey   | Entered a bailey
 12117 | Bailey   | Noticed an orc knight
 12126 | Bailey   | Reached skill level 5 in Dodging
 12166 | Bailey   | Killed an orc knight
 12215 | Bailey   | Identified the +7 executioner's axe of Cowardice {elec,
                  | rElec}
 12220 | Bailey   | Acquired the +3 buckler of Impressiveness {Regen+ Dex-3
                  | Stlth+}
 12255 | D:10     | Reached ***** piety under Cheibriados
 12516 | D:10     | Found Gets's Jewellery Shoppe.
 12597 | D:11     | Noticed Fannar
 12612 | D:11     | Found a staircase to the Orcish Mines.
 12615 | D:11     | Reached XP level 11. HP: 63/70 MP: 10/20
 12621 | D:11     | Noticed a two-headed ogre
 12636 | D:11     | Killed a two-headed ogre
 12750 | D:11     | Noticed a cyclops
 12815 | D:11     | Found Izisuv's Antique Weapon Shop.
 12823 | D:11     | Bought a fine scimitar for 297 gold pieces
 12823 | D:11     | Identified the +9 scimitar "Eryr" {freeze, Will++} (You
                  | bought it in a shop on level 11 of the Dungeon)
 12831 | D:11     | Noticed a centaur warrior
 12831 | D:11     | Noticed Urug
 12831 | D:11     | Noticed a two-headed ogre
 12835 | D:11     | Killed Urug
 12836 | D:11     | Reached skill level 5 in Invocations
 12844 | D:11     | Killed a two-headed ogre
 12988 | D:11     | Noticed a skeletal warrior
 13028 | D:11     | Killed Fannar
 13029 | D:11     | Reached skill level 7 in Spellcasting
 13029 | D:11     | Reached skill level 5 in Translocations
 13052 | D:11     | HP: 2/70 [centaur warrior (5)]
 13056 | D:11     | Gained mutation: You occasionally lose the ability to drink
                  | potions when taking damage. [potion of mutation]
 13056 | D:11     | Gained mutation: One of your tentacles bears a spike.
                  | [potion of mutation]
 13167 | D:10     | Bought a ring of magical power for 280 gold pieces
 13330 | D:11     | Killed a cyclops
 13336 | D:11     | Noticed Sonja
 13340 | D:11     | Killed Sonja
 13341 | D:11     | Reached skill level 5 in Fighting
 13501 | D:11     | Killed a skeletal warrior
 13800 | D:11     | Found a staircase to the Lair.
 13860 | D:11     | Noticed a cyclops
 13865 | D:11     | Killed a cyclops
 13866 | D:11     | Reached skill level 5 in Air Magic
 14276 | D:11     | Killed a centaur warrior
 14277 | D:11     | Reached XP level 12. HP: 50/77 MP: 16/23
 14404 | D:11     | Noticed Grum
 14407 | D:11     | Killed Grum
 15104 | D:12     | Found a portal to a secret trove of treasure.
 15236 | D:12     | Reached skill level 8 in Spellcasting
 15245 | D:12     | HP: 2/77 [burnt (9)]
 15250 | D:12     | HP: 3/77 [burnt (7)]
 15312 | D:12     | Noticed a two-headed ogre
 15316 | D:12     | Killed a two-headed ogre
 15975 | Lair:1   | Entered Level 1 of the Lair of Beasts
 15979 | Lair:1   | Reached skill level 5 in Shapeshifting
 16110 | Lair:1   | Noticed a four-headed hydra
 16114 | Lair:1   | Killed a four-headed hydra
 16122 | Lair:1   | Learned a level 6 spell: Plasma Beam
 17438 | Lair:1   | Identified the +2 leather armour "Nic Pau" {rPois rC+
                  | Will++ Slay-6}
 17539 | Lair:2   | Noticed an eight-headed hydra
 17554 | Lair:2   | Killed an eight-headed hydra
 17555 | Lair:2   | Reached skill level 1 in Fire Magic
 17558 | Lair:2   | Reached skill level 1 in Long Blades
 17561 | Lair:2   | Reached skill level 1 in Evocations
 17936 | Lair:2   | Found a transporter.
 17942 | Lair:2   | Found a one-way gate to the infinite horrors of the Abyss.
 17942 | Lair:2   | Noticed Yqisha's ghost (journeyman DrSh)
 17942 | Lair:2   | Noticed a great orb of eyes
 17949 | Lair:2   | Found a transporter.
 17950 | Lair:2   | Noticed a hell hog
 18079 | Lair:2   | Reached XP level 13. HP: 83/83 MP: 14/25
 18237 | Lair:2   | Reached ****** piety under Cheibriados
 18240 | Lair:2   | Reached skill level 9 in Spellcasting
 19363 | Lair:2   | Found a staircase to the Shoals.
 19735 | D:10     | Bought a ring of magical power for 280 gold pieces
 20899 | Lair:3   | Identified the serpent talisman of the World {Stlth+}
 21182 | Lair:3   | Noticed Josephine
 21189 | Lair:3   | Killed Josephine
 21736 | Lair:3   | Found a hole to the Spider Nest.
 22142 | Lair:4   | Reached skill level 5 in Shields
 22142 | Lair:4   | Reached skill level 10 in Spellcasting
 22146 | Lair:4   | Reached XP level 14. HP: 41/90 MP: 28/28
 23945 | Lair:5   | Entered Level 5 of the Lair of Beasts
 24030 | Lair:5   | Found a staircase to the Slime Pits.
 24432 | Lair:5   | Noticed a dire elephant
 24504 | Lair:5   | Killed a dire elephant
 24688 | Lair:5   | Reached skill level 11 in Spellcasting
 25550 | Lair:5   | Reached skill level 10 in Air Magic
 25983 | Lair:5   | Reached XP level 15. HP: 70/97 MP: 23/30
 26251 | Lair:5   | Found a burning altar of Makhleb.
 26257 | Lair:5   | Found a gateway to Hell.
 26977 | D:13     | Found a gate leading to a gauntlet.
 26986 | Gauntlet | Entered a Gauntlet
 26986 | Gauntlet | Found a transporter.
 26986 | Gauntlet | Found a transporter.
 26986 | Gauntlet | Found a transporter.
 26987 | Gauntlet | Found a transporter.
 26990 | Gauntlet | Found a transporter.
 26992 | Gauntlet | Found a transporter.
 27002 | Gauntlet | Found a transporter.
 27004 | Gauntlet | Found a transporter.
 27014 | Gauntlet | Found a transporter.
 27019 | Gauntlet | Found a transporter.
 27038 | Gauntlet | Found a transporter.
 27042 | Gauntlet | Found a transporter.
 27132 | Gauntlet | Found the +9 sword of Zonguldrok {reap}
 27387 | Gauntlet | Identified the amulet "Zofoc" {RegenMP Harm rPois Will-}
 29082 | D:14     | Reached skill level 12 in Spellcasting
 30027 | D:13     | Found a gate to the Vaults.
 30598 | D:15     | Entered Level 15 of the Dungeon
 30650 | D:15     | Reached skill level 5 in Fire Magic
 30652 | D:15     | Reached XP level 16. HP: 105/105 MP: 30/32
 30955 | D:15     | Learned a level 6 spell: Bombard
 31555 | D:15     | Found a staircase to the Depths.
 32542 | Orc:1    | Entered Level 1 of the Orcish Mines
 32621 | Orc:1    | Reached skill level 5 in Unarmed Combat
 32641 | Orc:1    | Found a dark tunnel.
 32667 | Volcano  | Entered a volcano
 33110 | Volcano  | Found a burning altar of Makhleb.
 33147 | Volcano  | Found a burning altar of Makhleb.
 33172 | Orc:1    | Found Mavy's General Store.
 33175 | Orc:1    | Found a transporter.
 33175 | Orc:1    | Found a transporter.
 33182 | Orc:1    | Found a bloodstained altar of Trog.
 33183 | Orc:1    | Noticed Loily's ghost (journeyman GrFi)
 33691 | Orc:2    | Entered Level 2 of the Orcish Mines
 33695 | Orc:2    | Reached skill level 1 in Earth Magic
 33792 | Orc:2    | Found a staircase to the Elven Halls.
 33941 | Orc:2    | Reached skill level 10 in Conjurations
 33969 | Orc:2    | Reached skill level 13 in Spellcasting
 34273 | Orc:2    | Found Minu's Magic Scroll Boutique.
 34273 | Orc:2    | Found Retuigae's Weapon Boutique.
 34336 | Orc:2    | Found Ushrotou's Jewellery Emporium.
 34336 | Orc:2    | Found Byrchuan's Book Emporium.
 34594 | Orc:2    | Bought a +6 ring of intelligence for 504 gold pieces
 34608 | Orc:2    | Upgraded the game from 0.31-a0-1626-g5cb510d322 to 0.32-a0
 34739 | Spider:1 | Entered Level 1 of the Spider Nest
 35519 | Spider:1 | Learned a level 6 spell: Sculpt Simulacrum
 35531 | Spider:1 | Noticed Nikola
 35569 | Spider:1 | Killed Nikola
 35936 | Spider:1 | Reached XP level 17. HP: 78/103 MP: 34/34
 36254 | Spider:2 | Reached skill level 1 in Alchemy
 36749 | Spider:2 | Reached skill level 1 in Ice Magic
 37479 | Spider:2 | HP: 4/113 [something (12)]
 37479 | Spider:2 | Mangled by a ghost moth

Illustrated notes

Levels and vault maps discovered:
D:1:      dpeg_arrival_windows_large_door, layout_basic
D:2:      layout_basic, basic_ecumenical_altar
D:3:      layout_rooms, lemuel_zombie_altar_yredelemnul, uniq_terence
D:4:      layout_basic, eat_drink_and_be_merry_uskayaw, tgw_kikubaaqudgha,
          minmay_temple_entry_statues_pillars, minmay_stone_trees_small,
          lexackson_kobold_supper
D:5:      layout_rooms, tso_altar, nicolae_qazlal_style_of_elements,
          kennysheep_little_box, nicolae_letterblocks [nicolae_letter_subblock,
          nicolae_letter_subblock, nicolae_letter_subblock,
          nicolae_letter_subblock, nicolae_letter_subblock,
          nicolae_letter_subblock, nicolae_letter_subblock,
          nicolae_letter_subblock, nicolae_letter_subblock,
          nicolae_letter_subblock, nicolae_letter_subblock,
          nicolae_letter_subblock, nicolae_letter_subblock,
          nicolae_letter_subblock, nicolae_letter_subblock,
          nicolae_letter_subblock, nicolae_letter_subblock,
          nicolae_letter_subblock, nicolae_letter_subblock,
          nicolae_letter_subblock, nicolae_letter_subblock,
          nicolae_letter_subblock, nicolae_letter_subblock,
          nicolae_letter_subblock, nicolae_letter_subblock]
D:6:      layout_loops_corners
D:7:      layout_loops_corners, amcnicky_altar_gilded, chequers_avenue
D:8:      layout_loops_ring, uniq_jeremiah
D:9:      layout_basic, mainiacjoe_overflow_concentric_impassable
D:10:     layout_rooms, serial_shops, nicolae_take_the_stairs, enter_bailey_6
D:11:     layout_roguey, minmay_lair_entry_grove, erik_orc_4, serial_shops,
          shop, uniq_sonja, uniq_urug, uniq_grum, uniq_fannar
D:12:     layout_rooms, nicolae_trove_entry_crossroad, drop_trap
D:13:     minmay_evil_eye, layout_cave_pools,
          hangedman_vaults_entry_quadrant_bands, gauntlet_entry_generic,
          kennysheep_generic_room_7
D:14:     layout_cave_pools, palyth_stone_intersect
D:15:     hangedman_depths_entry_civil_slaughter, layout_gridville,
          minmay_misc_feat_square
Temple:   nicolae_temple_ecumenical_triangle
Lair:1:   layout_small_grid, beast_lair_carwin_6
Lair:2:   layout_layer_cave, minmay_shoals_entry_lonely_mermaid,
          gammafunk_ghost_abyssal_escape, lemuel_fruit_tree
Lair:3:   layout_roguey, spider_nest_entry_funnel_web, st_stairs_5,
          cheibrodos_lair_lostbears, infiniplex_staircase_pool, uniq_josephine
Lair:4:   nzn_winding_woodlands_cross [nzn_winding_woodlands_5x15_longhouse,
          nzn_winding_woodlands_5x15_zeroes,
          nzn_winding_woodlands_5x15_river_crossing,
          nzn_winding_woodlands_5x15_crooked,
          nzn_winding_woodlands_15x15_boxy_spiral], layout_small_grid,
          serial_bayou_ford_a, lemuel_old_faithful
Lair:5:   evil_forest, layout_regular_city, minmay_slime_entry_eyes
Spider:1: layout_spider_delve, hellmonk_deceptive_appearances, uniq_nikola
Spider:2: layout_chambers, hangedman_spider_tarantella_strand, uniq_arachne
Orc:1:    cheibrodos_orc_arena, layout_caves, gammafunk_ghost_wrathful_warriors,
          serial_shops, shop, nicolae_volcano_entry_two_sided
Orc:2:    st_orc_elflike, layout_diamond_mine, abandoned_shop

Skill      XL: |  1  2  3  4  5  6  7  8  9 10 11 12 13 14 15 16 17 |
---------------+----------------------------------------------------+-----
Conjurations   | 5 6 7 8 9 10 | 10.0
Fighting       | 1 2 3 4 5 6 7 8 9 |  9.3
Unarmed Combat | 1 2 3 4 5 |  5.9
Spellcasting   | 3 4 5 6 7 8 10 11 12 13 | 13.7
Shapeshifting  | 1 2 3 4 5 6 7 8 |  8.2
Translocations | 1 2 3 4 5 6 |  6.6
Stealth        | 3 4 5 6 |  6.6
Dodging        | 3 4 5 6 7 8 9 |  9.5
Invocations    | 1 2 3 4 5 6 7 8 9 |  9.7
Short Blades   | 1 2 4 |  4.4
Air Magic      | 2 3 5 7 8 10 11 12 | 12.4
Shields        | 2 3 4 5 |  5.6
Fire Magic     | 1 3 5 6 |  6.1
Long Blades    | 1 2 3 |  3.4
Evocations     | 1 |  1.0
Earth Magic    | 1 |  1.8
Alchemy        | 2 |  2.1
Ice Magic      | 1 |  1.3

Action                     |  1- 3 |  4- 6 |  7- 9 | 10-12 | 13-15 | 16-18 || total
---------------------------+-------+-------+-------+-------+-------+-------++-------
  Melee: Unarmed           |    19 |    20 |     1 |       |       |     5 ||    45
         Tentacles         |    10 |     7 |    13 |    52 |    27 |     7 ||   116
         Constrict         |     5 |     8 |    11 |    28 |    23 |    11 ||    86
         Punch             |     1 |       |     1 |     9 |    10 |       ||    21
         Short sword       |       |       |    49 |    97 |       |       ||   146
         Scimitar          |       |       |       |    46 |   110 |       ||   156
         Kick              |       |       |       |     9 |    64 |    22 ||    95
         Double sword      |       |       |       |       |    55 |    41 ||    96
  Throw: Dart              |       |       |       |       |     3 |     7 ||    10
   Cast: Magic Dart        |    60 |    75 |    69 |    20 |       |       ||   224
         Searing Ray       |     2 |    15 |    44 |    15 |     3 |       ||    79
         Iskenderun's Myst |       |       |     5 |    49 |   157 |    62 ||   273
         Airstrike         |       |       |       |   146 |   352 |   228 ||   726
         Plasma Beam       |       |       |       |       |    19 |    28 ||    47
         Bombard           |       |       |       |       |       |    33 ||    33
         Sculpt Simulacrum |       |       |       |       |       |     1 ||     1
 Invoke: Slouch            |       |       |       |     1 |     7 |    10 ||    18
         Step From Time    |       |       |       |     1 |       |       ||     1
  Evoke: Wand              |       |       |       |     7 |     7 |     6 ||    20
         Box of beasts     |       |       |       |     1 |     1 |     1 ||     3
         Phantom mirror    |       |       |       |       |       |     1 ||     1
    Use: Scroll            |       |     1 |     9 |     8 |    18 |     3 ||    39
         Potion            |       |       |     1 |     7 |     3 |     1 ||    12
   Stab: Sleeping          |       |       |     3 |     6 |     4 |       ||    13
         Distracted        |       |       |       |       |     3 |       ||     3
         Invisible         |       |       |       |       |       |     1 ||     1
 Armour: Skin              |    20 |    15 |    70 |   120 |   189 |    70 ||   484
  Dodge: Dodged            |    19 |    19 |    66 |   138 |   197 |    95 ||   534
  Block: Buckler           |       |       |     1 |    55 |   144 |    36 ||   236
   Form: Beast             |     1 |       |       |       |     3 |     2 ||     6
         Serpent           |       |       |       |       |     3 |     2 ||     5

Table legend: (Time is in decaauts)
 A = Elapsed time spent in this place.
 B = Non-inter-level travel time spent in this place.
 C = Inter-level travel time spent in this place.
 D = Time resting spent in this place.
 E = Time spent auto-exploring this place.
 F = Levels seen in this place.
 G = Mean time per level.
                   A        B        C        D        E       F      G
               +--------+--------+--------+--------+--------+-----+--------+
         Total |  49742 |  47359 |   2383 |   6149 |  35337 |  28 | 1776.5 |
       Dungeon |  26385 |  24792 |   1593 |   3437 |  18487 |  15 | 1759.0 |
        Temple |     36 |     19 |     17 |      0 |      0 |   1 |   36.0 |
          Lair |  14778 |  14259 |    519 |   1343 |  11683 |   5 | 2955.6 |
   Spider Nest |   3494 |   3440 |     54 |    433 |   2566 |   2 | 1747.0 |
  Orcish Mines |   2392 |   2195 |    197 |    290 |   1464 |   2 | 1196.0 |
        Bailey |   1041 |   1041 |      0 |    413 |    288 |   1 | 1041.0 |
       Volcano |    662 |    662 |      0 |     72 |    474 |   1 |  662.0 |
      Gauntlet |    950 |    950 |      0 |    160 |    374 |   1 |  950.0 |
               +--------+--------+--------+--------+--------+-----+--------+

Top non-repeatable levels by time:
  Lair:2: 3659 daAuts
  Lair:5: 3171 daAuts
  Lair:3: 2914 daAuts
    D:15: 2832 daAuts
  Lair:4: 2827 daAuts
    D:13: 2424 daAuts
    D:11: 2366 daAuts
  Lair:1: 2205 daAuts
    D:12: 1924 daAuts
     D:4: 1908 daAuts
     D:7: 1811 daAuts
    D:14: 1806 daAuts
Spider:2: 1797 daAuts
Spider:1: 1696 daAuts
     D:6: 1655 daAuts
